 Dungeon Crawl Stone Soup version 0.18-a0-1805-g8ab820f (webtiles) character file.

1521 ololoev the Geomancer (level 8, -4/41 HPs)
             Began as a Gargoyle Earth Elementalist on Apr 26, 2016.
             Was an Initiate of Vehumet.
             Shot with an arrow by a centaur (8 damage)
             ... on level 7 of the Dungeon.
             The game lasted 00:14:01 (5511 turns).

ololoev the Geomancer (Gargoyle Earth Elementalist) Turns: 5511, Time: 00:14:02

Health: -4/41      AC:  9    Str: 15    XL:     8   Next: 84%
Magic:  0/18       EV: 17    Int: 18    God:    Vehumet [......]
Gold:   282        SH:  0    Dex: 15    Spells: 4 memorised, 10 levels left

rFire  . . .     SeeInvis .     b - 203 stones
rCold  . . .     Gourm    .     q - +0 robe
rNeg   + . .     Faith    +     (no shield)
rPois  ∞         Spirit   .     C - +0 helmet
rElec  +         Dismiss  .     r - +0 cloak {+Inv}
rCorr  .         Reflect  .     (no gloves)
SustAt .         Harm     .     (no boots)
MR     .....                    x - amulet of faith
Stlth  +++.......               (no ring)
                                G - +3 ring of strength

@: agile, not resistant to hostile enchantments, fairly stealthy
A: negative energy resistance 1, electricity resistance, unbreathing,
petrification resistance, rot immunity, AC +5
a: Renounce Religion, Evoke Invisibility


Innate Abilities, Weirdness & Mutations

You are resistant to torment.
Your stone body is resilient (AC +5).
You are immune to poison.
You resist negative energy.
You are resistant to electric shocks.
You can survive without breathing.
You are immune to petrification.
You are immune to rotting.

Inventory:

Hand Weapons
 a - a +4 quarterstaff of chaos
Missiles
 b - 203 stones (in hand)
Armour
 q - a +0 robe (worn)
 r - a +0 cloak of invisibility (worn)
 C - a +0 helmet (worn)
Jewellery
 f - an uncursed amulet of the gourmand
 x - an amulet of faith (around neck)
 G - a +3 ring of strength (left hand)
Wands
 E - a wand of iceblast (4/15)
 H - a wand of iceblast (10/15)
Scrolls
 g - 11 scrolls of identify {unknown}
 i - a scroll of enchant armour {unknown}
 j - 2 scrolls of amnesia {unknown}
 k - 5 scrolls of teleportation {unknown}
 m - a scroll of fear {unknown}
 w - a scroll of blinking {unknown}
 y - 3 scrolls of recharging {unknown}
 z - a scroll of enchant weapon {unknown}
 D - 5 scrolls of remove curse {unknown}
 F - a scroll of noise {unknown}
Potions
 e - 4 potions of curing {unknown}
 h - 3 potions of cancellation {unknown}
 l - a potion of haste {unknown}
 n - a potion of heal wounds {unknown}
 o - 3 potions of agility
 p - 3 potions of lignification {unknown}
 t - a potion of mutation {unknown}
 u - a potion of degeneration {unknown}
 I - a potion of resistance
 J - a potion of brilliance {unknown}
Books
 c - a book of Geomancy

   Spells                             Type                      Level
   a - Sandblast                      Earth                        1
   b - Passwall                       Transmutation/Earth          2
   c - Stone Arrow                    Conjuration/Earth            3
   d - Petrify                        Transmutation/Earth          4
   e - Lee's Rapid Deconstruction     Earth                        5
Comestibles
 d - 4 bread rations
 s - a slice of pizza
 v - 3 fruits
 A - 3 meat rations
 B - 2 beef jerkies
 K - 6 chunks of flesh


   Skills:
 - Level 1.5 Dodging
 - Level 2.1 Stealth
 * Level 7.1 Spellcasting
 + Level 1.2 Conjurations
 - Level 0.7 Transmutations
 * Level 9.6 Earth Magic


You had 10 spell levels left.
You knew the following spells:

 Your Spells              Type           Power        Failure   Level  Hunger
a - Sandblast             Erth           #####.       1%          1    None
b - Stone Arrow           Conj/Erth      ####..       3%          3    ##.....
c - Lee's Rapid Deconstr  Erth           #####.....   8%          5    #####..
w - Passwall              Trmt/Erth      ####......   1%          2    None


You were on level 7 of the Dungeon.
You worshipped Vehumet.
Vehumet was noncommittal.
You were not hungry.

You visited 2 branches of the dungeon, and saw 8 of its levels.

You collected 282 gold pieces.

##.## ##. .#### #...# #.##
##...# #...# #..###..#.# .
#...# #...#.....#
..####...#####.##..##.###
.....).......#.##...[_..#
...../......).....###.#.......
#....)......)#(#####..###.....
..####...#####..@.....# ....
#...# #.....†..# ### #...#
########c### #...# #......#
##.## #.##<#.# #.# # #.#.# #.#
#.... ###... ....

Notes
Turn   | Place    | Note
--------------------------------------------------------------
     0 | D:1      | ololoev the Gargoyle Earth Elementalist began the quest for the Orb.
     0 | D:1      | Reached XP level 1. HP: 10/10 MP: 3/3
   419 | D:1      | Reached skill level 4 in Earth Magic
   419 | D:1      | Reached XP level 2. HP: 15/15 MP: 1/5
   424 | D:1      | Learned a level 2 spell: Passwall
   725 | D:2      | Noticed Jessica
   730 | D:2      | Killed Jessica
   730 | D:2      | Reached XP level 3. HP: 19/19 MP: 4/7
   839 | D:2      | Noticed Crazy Yiuf
   849 | D:2      | Killed Crazy Yiuf
   849 | D:2      | Reached XP level 4. HP: 15/24 MP: 2/8
  1091 | D:2      | Noticed Ijyb
  1130 | D:2      | Reached skill level 5 in Earth Magic
  1219 | D:2      | Noticed Natasha
  1224 | D:2      | Killed Natasha
  1230 | D:2      | Learned a level 3 spell: Stone Arrow
  1276 | D:2      | Killed Ijyb
  1276 | D:2      | Reached XP level 5. HP: 28/28 MP: 10/10
  1297 | D:2      | Noticed Natasha
  1492 | D:3      | Found a burning altar of Makhleb.
  1492 | D:3      | Found a blossoming altar of Fedhas.
  1492 | D:3      | Found a shadowy altar of Dithmenos.
  1492 | D:3      | Found a deep blue altar of Sif Muna.
  1493 | D:3      | Found an opulent altar of Gozag.
  1493 | D:3      | Found an oddly glowing altar of Pakellas.
  1494 | D:3      | Found a sacrificial altar of Ru.
  1498 | D:3      | Noticed Sigmund
  1836 | D:3      | Learned a level 5 spell: Lee's Rapid Deconstruction
  2029 | D:3      | Killed Sigmund
  2029 | D:3      | Reached skill level 6 in Earth Magic
  2029 | D:3      | Reached XP level 6. HP: 26/32 MP: 6/12
  2298 | D:3      | Found a shimmering altar of Xom.
  2392 | D:4      | Reached XP level 7. HP: 36/36 MP: 8/14
  2415 | D:4      | Reached skill level 7 in Earth Magic
  2429 | D:4      | Found a blossoming altar of Fedhas.
  2449 | D:4      | Reached skill level 5 in Spellcasting
  2581 | D:4      | Noticed Robin
  2599 | D:4      | Killed Robin
  2873 | D:5      | Entered Level 5 of the Dungeon
  3711 | D:5      | Found an iron altar of Okawaru.
  4376 | D:5      | Reached skill level 8 in Earth Magic
  4514 | D:6      | Reached XP level 8. HP: 29/41 MP: 15/17
  4806 | D:6      | Reached skill level 9 in Earth Magic
  4960 | D:6      | Found a staircase to the Ecumenical Temple.
  4976 | Temple   | Entered the Ecumenical Temple
  5020 | Temple   | Became a worshipper of Vehumet
  5442 | D:7      | Found a shattered altar of Ashenzari.
  5491 | D:7      | Reached skill level 1 in Conjurations
  5511 | D:7      | Shot with an arrow by a centaur

Dungeon Overview and Level Annotations

Branches:
Dungeon (7/15)             Temple (1/1) D:6

Altars:
Ashenzari
Cheibriados
Dithmenos
Elyvilon
Fedhas
Gozag
Makhleb
Okawaru
Pakellas
Qazlal
Ru
Sif Muna
Trog
Vehumet
Xom
Zin

Annotations:
D:2 Natasha


Message History

The adder zombie bites you but does no damage.
The adder zombie bites you.
Casting: Lee's Rapid Deconstruction
Confirm with . or Enter, or press ? or * to list all spells.
Aiming: Lee's Rapid Deconstruction
Press: ? - help, Dir - move target cursor, f/p - ice beast Fragment what (e.g. wall or brittle monster)?: an ice beast (moderately wounded)
The ice beast shatters!
You blow up the ice beast!
Vehumet accepts your kill.
Your Spellcasting skill increases to level 7!
Your Conjurations skill increases to level 1!
The icy blast hits the adder zombie.
The adder zombie partially resists.
You destroy the adder zombie!
Vehumet accepts your kill.
You hear a shout!
You hear a screech!
Unknown command.
Things that are here:
a mace; an orc corpse You butcher the orc corpse.
K - 4 chunks of flesh You see here a mace.
Things that are here:
a short sword; a leather armour; an orc corpse You butcher the orc corpse.
K - 6 chunks of flesh (gained 2)
Things that are here:
a short sword; a leather armour A water moccasin skeleton comes into view.
Casting: Lee's Rapid Deconstruction
Confirm with . or Enter, or press ? or * to list all spells.
Aiming: Lee's Rapid Deconstruction
Press: ? - help, Dir - move target cursor, f - water moccasin skeleton Fragment what (e.g. wall or brittle monster)?: a water moccasin skeleton The water moccasin skeleton shatters!
The water moccasin skeleton bites you but does no damage.
You sock the water moccasin skeleton!
The water moccasin skeleton convulses!
The water moccasin skeleton barely misses you.
You barely miss the water moccasin skeleton.
The water moccasin skeleton bites you.
The water moccasin skeleton barely misses you.
You barely miss the water moccasin skeleton.
The water moccasin skeleton bites you but does no damage.
The water moccasin skeleton bites you.
You barely miss the water moccasin skeleton.
The water moccasin skeleton bites you.
Casting: Lee's Rapid Deconstruction
Confirm with . or Enter, or press ? or * to list all spells.
Okay, then.
b - 204 stones (in hand)
The water moccasin skeleton closely misses you.
A centaur comes into view.
Casting: Lee's Rapid Deconstruction
Confirm with . or Enter, or press ? or * to list all spells.
Aiming: Sandblast
Press: ? - help, Shift-Dir - straight line, f/p - water moccasin skeleton
Aim: a water moccasin skeleton The rocky blast hits the water moccasin skeleton.
You destroy the water moccasin skeleton!
Vehumet accepts your kill.
The centaur shouts!
The centaur wields a runed shortbow.
The centaur shoots an arrow.
The arrow hits you!
Casting: Sandblast
Confirm with . or Enter, or press ? or * to list all spells.
Aiming: Lee's Rapid Deconstruction
Press: ? - help, Dir - move target cursor The wall shatters!
The blast of rock fragments hits the centaur.
The centaur is heavily wounded.
The centaur shoots an arrow.
The arrow barely misses you.
Unknown command.
Unknown command.
Unknown command.
Drink which item? (? for menu, Esc to quit)
It was a potion of agility.
You feel agile all of a sudden.
The centaur shoots an arrow.
The arrow misses you.
The centaur shoots an arrow.
The arrow hits you!
You die...

You could see a centaur.

Vanquished Creatures
  Sigmund (D:3)
  A water moccasin (D:6)
  An ice beast (D:7)
  A phantom (D:6)
  An eye of draining (D:5)
  A centaur (D:5)
  2 giant frogs (D:6)
  A water moccasin skeleton (D:7)
  A scorpion (D:4)
  A howler monkey (D:4)
  2 hounds
  A centaur skeleton (D:7)
  3 orc priests
  Crazy Yiuf (D:2)
  Jessica (D:2)
  Ijyb (D:2)
  3 orc wizards
  Natasha (D:2)
  3 worker ants (D:6)
  Robin (D:4)
  6 adders
  A howler monkey skeleton (D:5)
  2 shadow imps (D:5)
  An adder zombie (D:7)
  2 oozes
  4 worms
  14 orcs
  4 giant cockroaches
  15 goblins
  13 hobgoblins
  4 quokkas
  4 bats
  A giant gecko zombie (D:5)
  5 giant newts
  A jackal skeleton (D:5)
  A jackal zombie (D:6)
  4 kobolds
  5 rats
115 creatures vanquished.

Action                   |  1- 3 |  4- 6 |  7- 9 || total
-------------------------+-------+-------+-------++-------
Melee: Unarmed           |    10 |       |       ||    10
       Quarterstaff      |       |    89 |   134 ||   223
 Cast: Sandblast         |    19 |    18 |    30 ||    67
       Lee's Rapid Decon |       |       |     5 ||     5
  Use: Potion            |       |       |     1 ||     1
 Stab: Sleeping          |       |     1 |     3 ||     4
       Paralysed         |       |       |     1 ||     1
  Eat: Chunk             |       |    13 |     7 ||    20
Armor: Robe              |     8 |    22 |   102 ||   132
Dodge: Dodged            |    13 |    56 |   158 ||   227

Vault maps used:
D:1:      lightli_arrival_chessboard
D:2:      first_bread, minmay_close_crescents, uniq_jessica, uniq_iyjb,
          uniq_crazy_yiuf_cottage, uniq_natasha
D:3:      kennysheep_the_goblin_king, grunt_temple_overflow_open,
          serial_bayou_ford_a, tgw_xom, uniq_sigmund
D:4:      fedhas_altar_2, uniq_robin
D:5:      minivault_27, amethyst_killhole, okawaru_metal_pillars_1_2
D:6:      temple_pool_a
D:7:      ashenzari_altar_1, serial_shops, nicolae_shop_overgrown_old_shop,
          st_stairs_2, grunt_livestock
Temple:   roderic_octagonal_lattice_temple
